 Dungeon Crawl Stone Soup version 0.29.0-4-gdea44cf6ec (webtiles) character file.

Game seed: 10088330017198028995

4 qw the Sneak (level 1, -3/14 HPs)
             Began as a Gargoyle Delver on Sept 10, 2022.
             Slain by an orc warrior
             ... wielding a +0 long sword
              (13 damage)
             ... on level 4 of the Dungeon.
             The game lasted 00:00:01 (21 turns).

qw the Sneak (Gargoyle Delver)                        Turns: 21, Time: 00:00:02

Health: -3/14      AC:  5    Str: 15    XL:     1   Next: 60%
Magic:  1/1        EV: 11    Int: 10    God:
Gold:   0          SH:  0    Dex: 11    Spells: 0/0 levels left

rFire   . . .      SeeInvis .   a - +0 hand axe
rCold   . . .      Faith    .   (no shield)
rNeg    + . .      Spirit   .   b - +0 leather armour
rPois   inf        Reflect  .   (no helmet)
rElec   +          Harm     .   (no cloak)
rCorr   .          Rampage  .   (no gloves)
Will    .....                   (no boots)
Stlth   +++.......              (no amulet)
HPRegen 0.04/turn               (no ring)
MPRegen 0.07/turn               (no ring)

@: no status effects
A: sickness immunity, AC +2, negative energy resistance 1, electricity
resistance, torment resistance 1, petrification resistance
a: no special abilities


You were on level 4 of the Dungeon.
You visited 1 branch of the dungeon, and saw 2 of its levels.


Innate Abilities, Weirdness & Mutations

You are immune to sickness and miasma.
Your stone body is resilient. (AC +2)
You are immune to poison.
You resist negative energy. (rN+)
You are resistant to electric shocks. (rElec)
You are resistant to unholy torment.
You are immune to petrification.


   Skills:
 - Level 3.2 Fighting
 + Level 2.1 Axes
 - Level 1.5 Dodging
 - Level 5.4 Stealth


You couldn't memorise any spells.
You didn't know any spells.
Your spell library was empty.

Inventory:

Hand Weapons
 a - a +0 hand axe (weapon)
Armour
 b - a +0 leather armour (worn)
Wands
 g - a wand of digging (3)
Potions
 f - a potion of haste

Dungeon Overview and Level Annotations

Branches:
Dungeon (5/15)
 Temple: D:4-7

Altars:


Message History

The orc warrior shouts!
You hit the hobgoblin.
You kill the hobgoblin!
You hit the endoplasm but do no damage. The endoplasm barely misses you.
The quokka closely misses you.
You hit the endoplasm.
You kill the endoplasm!
You hit the quokka. The quokka bites you.
An orc comes into view. It is wielding a +0 hand axe.
The adder barely misses you.
Your Axes skill increases to level 2!
The orc shouts!
You hit the quokka.
You kill the quokka!
You closely miss the adder. The adder closely misses you.
You closely miss the adder. You closely miss the orc.
The adder closely misses you. The orc barely misses you.
An orc comes into view. It is wielding a +0 dagger.
The adder closely misses you. The orc barely misses you.
The orc moves out of view.
You hit the ogre.
The ogre is lightly wounded.
You hit the adder. You hit the orc but do no damage.
The adder barely misses you. The ogre closely misses you.
The orc barely misses you.
The orc shouts!
You hit the adder.
The adder is severely wounded.
You barely miss the ogre. You closely miss the orc.
The adder closely misses you. The adder barely misses you.
You hit the adder.
The adder is almost dead.
You hit the orc warrior but do no damage.
You hit the orc but do no damage. You hit the ogre.
The ogre closely misses you. The adder bites you. The orc closely misses you.
The orc warrior hits you with a +0 long sword!
Ouch! That really hurt!
You die... ### ..### . .... #.. ..# #..##o# #ooo@#

......SO...#
..........##
...(.......#
...........#
...........#
.....<.....#
...#........


You could see an orc warrior, an ogre, an adder and 3 orcs.

Vanquished Creatures
  An endoplasm (D:4)
  A hobgoblin (D:4)
  A quokka (D:4)
3 creatures vanquished.

Notes
Turn   | Place    | Note
-------+----------+-------------------------------------------
     0 | D:5      | qw the Gargoyle Delver began the quest for the Orb.
     0 | D:5      | Reached XP level 1. HP: 14/14 MP: 1/1
     0 | D:5      | 0 ||| qw: Version: 0.1-a-117-gfe26ee0
     0 | D:5      | 0 ||| qw: Game counter: 9778
     0 | D:5      | 0 ||| qw: Always use a shield: true
     0 | D:5      | 0 ||| qw: God list: Okawaru
     0 | D:5      | 0 ||| qw: Allow faded altars: false
     0 | D:5      | 0 ||| qw: Do Orc after D:15 true
     0 | D:5      | 0 ||| qw: Do second Lair branch before Depths: true
     0 | D:5      | 0 ||| qw: Lair rune preference: random
     0 | D:5      | 0 ||| qw: Plans: Normal
     0 | D:5      | 0 ||| PLANNING D:1-11
     0 | D:5      | 0 ||| DROPPING scroll of fog.
     1 | D:5      | 1 ||| DROPPING scroll of magic mapping.
     2 | D:5      | 2 ||| DROPPING scroll of fear.
    12 | D:4      | Noticed an ogre
    14 | D:4      | Noticed an orc warrior
    21 | D:4      | Slain by an orc warrior

Levels and vault maps discovered:
D:4:      layout_basic
D:5:      layout_basic, minmay_temple_entry_sparse_star

Skill      XL: |  1 |
---------------+----+-----
Axes           | 2 |  2.1
Fighting       | |  3.2
Dodging        | |  1.5
Stealth        | |  5.4

Action                   || total
-------------------------++-------
Melee: Hand axe          ||     8
Armor: Leather armour    ||     1
Dodge: Dodged            ||    16

Table legend:
 A = Non-vault XP
 B = Vault XP
 C = Vault XP percentage of total XP
 D = Non-vault monster count
 E = Vault monster count
 F = Vault count percentage of total count
                 A         B        C        D         E       F
            +---------+---------+-------+---------+---------+-------
      Total |       6 |       0 |   0.0 |       3 |       0 |   0.0
            +---------+---------+-------+---------+---------+-------
        D:4 |       6 |       0 |   0.0 |       3 |       0 |   0.0
            +---------+---------+-------+---------+---------+-------
